 Dungeon Crawl Stone Soup version 0.30-a0-54-g2e61a25929 (webtiles) character file.

Game seed: 7272999756030043095

186 IdlyInterested the Chopper (level 5, -5/39 HPs)
             Began as a Formicid Gladiator on Sept 8, 2022.
             Slain by an iguana (7 damage)
             ... on level 4 of the Dungeon.
             The game lasted 00:07:24 (2939 turns).

IdlyInterested the Chopper (Formicid Gladiator)     Turns: 2939, Time: 00:07:24

Health: -5/39      AC:  8    Str: 19    XL:     5   Next: 98%
Magic:  5/5        EV: 16    Int:  7    God:
Gold:   87         SH:  0    Dex: 17    Spells: 4/4 levels left

rFire   . . .      SeeInvis +    a - +0 war axe
rCold   . . .      Faith    .    (no shield)
rNeg    . . .      Spirit   .    r - +0 chain mail
rPois   .          Reflect  .    (helmet unavailable)
rElec   .          Harm     .    (no cloak)
rCorr   .          Rampage  .    (no gloves)
Will    .....                    (no boots)
Stlth   ..........               (no amulet)
HPRegen 0.13/turn                q - +4 ring of evasion
MPRegen 0.09/turn                e - +4 ring of evasion

@: brilliant
A: permanent stasis, dig shafts and tunnels, antennae 3, four strong arms
a: Dig, Shaft Self


You were on level 4 of the Dungeon.
You visited 1 branch of the dungeon, and saw 4 of its levels.

You collected 120 gold pieces.
You spent 33 gold pieces at shops.

Inventory:

Hand Weapons
 a - a +0 war axe (weapon)
 b - a +1 mace of holy wrath
 j - a +0 trident
Missiles
 c - 4 throwing nets (quivered)
 d - a javelin
 t - 2 atropa-tipped darts
Armour
 r - a +0 chain mail (worn)
Jewellery
 e - a +4 ring of evasion (right hand)
 k - a ring of protection from fire
 q - a +4 ring of evasion (left hand)
Wands
 m - a wand of polymorph (7)
 o - a wand of light (3)
Scrolls
 f - 2 scrolls of fear
Potions
 g - a potion of berserk rage {unknown}
 h - a potion of lignification
 i - a potion of cancellation
 n - a potion of degeneration {unknown}
 p - a potion of brilliance
 s - a potion of curing


   Skills:
 + Level 2.4 Fighting
 * Level 5.5 Axes
 - Level 2.0 Throwing
 - Level 2.6 Dodging
 - Level 3.0 Shields


You had 4 spell levels left.
You didn't know any spells.
Your spell library contained the following spells:

 Spells                   Type           Power      Damage    Failure   Level
 Foxfire                  Conj/Fire      0%         2x1d4     100%        1
 Conjure Flame            Conj/Fire      0%         6-21      100%        3
 Inner Flame              Hex/Fire       0%         N/A       100%        3
 Flame Wave               Conj/Fire      0%         2d4       100%        4


Dungeon Overview and Level Annotations

Branches:
Dungeon (4/15)
 Temple: D:4-7

Altars:

Shops:
D:1 *


Innate Abilities, Weirdness & Mutations

You cannot be hasted, slowed, berserked, paralysed or teleported.
You can dig through walls and to a lower floor.
You have a pair of large antennae on your head. (SInv)
Your four strong arms can wield two-handed weapons with a shield.


Message History

The ufetubus barely misses you.
The ufetubus hits you but does no damage.
You slash the ufetubus!
You kill the ufetubus!
An ogre comes into view. It is wielding a +0 giant club.
You closely miss the iguana. The iguana closely misses you.
You closely miss the iguana. The iguana bites you.
Okay, then.
You barely miss the iguana. You hit the hobgoblin.
The iguana barely misses you. The hobgoblin misses you.
You barely miss the iguana. You punch the iguana, but do no damage.
You closely miss the hobgoblin.
The hobgoblin hits you but does no damage.
The iguana misses you. The hobgoblin misses you. The iguana closely misses you.
You slash the iguana!
The iguana is severely wounded.
You closely miss the hobgoblin. The iguana misses you.
The hobgoblin barely misses you.
Throw: 5 darts (atropa)
Press: ? - help, Shift-Dir - straight line, f - ogre
Aim: an ogre, wielding a +0 giant club (76% to hit, chance to blind on hit: 41%)
You throw an atropa-tipped dart.
The atropa-tipped dart barely misses the ogre.
The iguana bites you but does no damage.
The ogre completely misses you. The hobgoblin misses you.
Throw: 4 darts (atropa)
Press: ? - help, Shift-Dir - straight line, f/p - ogre
Aim: an ogre, wielding a +0 giant club (76% to hit, chance to blind on hit: 41%)
You throw an atropa-tipped dart. The atropa-tipped dart hits the ogre.
The ogre resists.
The iguana bites you! The hobgoblin hits you.
Throw: 3 darts (atropa)
Press: ? - help, Shift-Dir - straight line, f/p - ogre
Aim: an ogre, wielding a +0 giant club (76% to hit, chance to blind on hit: 41%)
You throw an atropa-tipped dart.
The atropa-tipped dart closely misses the ogre.
The ogre hits you with a +0 giant club!!
* * * LOW HITPOINT WARNING * * *
The hobgoblin misses you. The iguana bites you!
You die...

#.###... #.#
........# #.#
........#
...)....#
........#
........##
........?
......g.#
......l@#######
......O........
....!##.#.#####
.... #.#.#
#..### #.# #.#
# #.... . #.#
#.... #.# #...#
#<# #...# ###
#...#


You could see an ogre, an iguana and a hobgoblin.

Vanquished Creatures
  A phantom (D:3)
  Ijyb (D:3)
  A gnoll (D:3)
  3 adders
  An ufetubus (D:4)
  A worm (D:2)
  3 dart slugs
  9 ball pythons
  6 bats
  2 endoplasms (D:1)
  3 hobgoblins
  4 kobolds
  2 quokkas
  4 frilled lizards
  2 rats
43 creatures vanquished.

Notes
Turn   | Place    | Note
-------+----------+-------------------------------------------
     0 | D:1      | IdlyInterested the Formicid Gladiator began the quest for
                  | the Orb.
     0 | D:1      | Reached XP level 1. HP: 16/16 MP: 1/1
    39 | D:1      | Found a faded altar of an unknown god.
   151 | D:1      | Reached skill level 1 in Shields
   151 | D:1      | Reached XP level 2. HP: 22/22 MP: 2/2
   288 | D:1      | Found Roanaos's General Store.
   658 | D:2      | Reached XP level 3. HP: 27/27 MP: 3/3
   668 | D:2      | Reached skill level 4 in Axes
  1170 | D:1      | Bought a throwing net for 33 gold pieces
  1370 | D:3      | Noticed Ijyb
  1402 | D:3      | Killed Ijyb
  1403 | D:3      | Reached XP level 4. HP: 16/33 MP: 4/4
  1680 | D:3      | Noticed a phantom
  1703 | D:3      | Killed a phantom
  1704 | D:3      | Reached skill level 5 in Axes
  1704 | D:3      | Reached XP level 5. HP: 16/38 MP: 5/5
  1886 | D:3      | Noticed Jessica
  1890 | D:3      | Noticed Jessica
  1890 | D:3      | Jessica changed into Jessica the dart slug
  1894 | D:3      | Killed Jessica the dart slug
  2068 | D:3      | Noticed Terence
  2072 | D:3      | Noticed Terence
  2072 | D:3      | Terence changed into Terence the gnoll
  2081 | D:3      | Killed Terence the gnoll
  2931 | D:4      | Noticed an ogre
  2939 | D:4      | Slain by an iguana

Illustrated notes

Levels and vault maps discovered:
D:1:      shiori_shiawase, layout_rooms, nicolae_ecumenical_snake_handling,
          serial_shops, shop
D:2:      layout_basic
D:3:      layout_basic, minmay_misc_feat_five, uniq_terence, uniq_jessica,
          uniq_ijyb
D:4:      layout_basic, temple_pool_b, roderic_lattice_a, uniq_menkaure

Skill      XL: |  1  2  3  4 |
---------------+-------------+-----
Shields        | 1 2 3 |  3.0
Axes           | 4 5 |  5.5
Fighting       | |  2.4
Throwing       | |  2.0
Dodging        | |  2.6

Action                   |  1- 3 |  4- 6 || total
-------------------------+-------+-------++-------
Melee: War axe           |    48 |    69 ||   117
       Punch             |     2 |     1 ||     3
       Unarmed           |    28 |       ||    28
Throw: Dart              |       |     3 ||     3
Evoke: Wand              |       |     2 ||     2
  Use: Scroll            |     3 |     1 ||     4
       Potion            |     1 |     1 ||     2
Armor: Leather armour    |    10 |     3 ||    13
       Skin              |     4 |       ||     4
       Chain mail        |       |    11 ||    11
Dodge: Dodged            |    57 |    82 ||   139

Table legend: (Time is in decaauts)
 A = Elapsed time spent in this place.
 B = Non-inter-level travel time spent in this place.
 C = Inter-level travel time spent in this place.
 D = Time resting spent in this place.
 E = Time spent auto-exploring this place.
 F = Levels seen in this place.
 G = Mean time per level.
                   A        B        C        D        E       F      G
               +--------+--------+--------+--------+--------+-----+--------+
         Total |   2969 |   2610 |    359 |    842 |   1210 |   4 |  742.2 |
       Dungeon |   2969 |   2610 |    359 |    842 |   1210 |   4 |  742.2 |
               +--------+--------+--------+--------+--------+-----+--------+

Top non-repeatable levels by time:
     D:3: 1439 daAuts
     D:1: 718 daAuts
     D:2: 634 daAuts
     D:4: 176 daAuts
